 Dungeon Crawl Stone Soup version 0.28-a0-461-g2dc4ca5097 (webtiles) character file.

Game seed: 16145578191259977961

2215 SkeletonJelly the Arsonist (level 9, -5/49 HPs)
             Began as a Deep Elf Cinder Acolyte on Sept 14, 2021.
             Was an Elder of Ignis.
             Slain by an orc knight (24 damage)
             ... in a bailey.
             The game lasted 00:14:59 (9015 turns).

SkeletonJelly the Arsonist (DECA)                   Turns: 9015, Time: 00:14:59

Health: -5/49      AC: 10    Str: 14    XL:     9   Next: 13%
Magic:  22/24      EV: 10    Int: 20    God:    Ignis [****..]
Gold:   361        SH:  0    Dex: 10    Spells: 24/26 levels left

rFire   + + .      SeeInvis .   a - -1 falchion (flame)
rCold   . . .      Faith    .   (no shield)
rNeg    . . .      Spirit   .   D - +2 ring mail {rF+}
rPois   +          Reflect  .   A - +0 helmet
rElec   .          Harm     .   (no cloak)
rCorr   .          Rampage  .   f - +0 pair of gloves
Will    .....                   x - +0 pair of boots
Stlth   ..........              v - amulet of regeneration
HPRegen 1.16/turn               t - ring of poison resistance
MPRegen 0.19/turn               (no ring)

@: no status effects
A: no striking features
a: Renounce Religion, Sea of Fire, Foxfire Swarm, Rising Flame


You were in a bailey.
You worshipped Ignis.
Ignis was greatly pleased with you.
You visited 2 branches of the dungeon, and saw 8 of its levels.
You also visited: Bailey.

You collected 361 gold pieces.

Inventory:

Hand Weapons
 a - a -1 falchion of flaming (weapon)
 F - a +0 scimitar
Missiles
 u - 18 boomerangs (quivered)
 y - 15 poisoned darts
Armour
 b - a +0 robe
 f - a +0 pair of gloves (worn)
 j - a +0 kite shield
 x - a +0 pair of boots (worn)
 A - a +0 helmet (worn)
 D - a +2 ring mail of fire resistance (worn)
Magical Staves
 h - a staff of air
Jewellery
 t - a ring of poison resistance (left hand)
 v - an amulet of regeneration (around neck)
Wands
 r - a wand of iceblast (8)
 E - a wand of polymorph (8)
Scrolls
 d - 3 scrolls of torment {unknown}
 e - a scroll of fear {unknown}
 g - 2 scrolls of vulnerability {unknown}
 i - 4 scrolls of amnesia {unknown}
 m - 2 scrolls of teleportation
 o - 3 scrolls of identify
 G - a scroll of magic mapping {unknown}
Potions
 c - a potion of lignification {unknown}
 k - a potion of might {unknown}
 l - 2 potions of brilliance {unknown}
 n - 5 potions of mutation {unknown}
 p - a potion of haste
 q - 4 potions of curing
 s - 2 potions of ambrosia
 w - 2 potions of heal wounds {unknown}
 z - a potion of resistance {unknown}
 B - a potion of flight {unknown}
 C - a potion of invisibility {unknown}


   Skills:
 - Level 2.4 Fighting
 - Level 3.0 Long Blades
 + Level 9.2 Spellcasting
 * Level 11.1 Fire Magic


You had 24 spell levels left.
You knew the following spells:

 Your Spells              Type           Power      Damage    Failure   Level
a - Scorch                Fire           100%       2d10      1%          2

Your spell library contained the following spells:

 Spells                   Type           Power      Damage    Failure   Level


Dungeon Overview and Level Annotations

Branches:
Dungeon (6/15)             Temple (1/1) D:5          Bailey (1/1)

Altars:
Ashenzari
Dithmenos
Fedhas
Gozag
Hepliaklqana
Kikubaaqudgha
Makhleb
Nemelex Xobeh
Okawaru
Qazlal
Ru
Trog
Uskayaw
Vehumet
Zin
The Shining One


Message History

The boomerang hits the goblin but does no damage.
The goblin is severely wounded.
You throw a boomerang. The boomerang hits the orc knight.
The orc knight is lightly wounded.
The orc knight hits you with a +0 war axe!!
You throw a boomerang.
The boomerang hits the orc knight but does no damage.
The orc knight is lightly wounded.
The orc knight hits you with a +0 war axe!
You are too injured to fight recklessly!
You are too injured to fight recklessly!
You are too injured to fight recklessly!
You are too injured to fight recklessly!
You are too injured to fight recklessly!
You are too injured to fight recklessly!
You are too injured to fight recklessly!
You are too injured to fight recklessly!
You take 30 damage, and have 19/49 hp.
MASSIVE DAMAGE!!
You regained 2 hp, and now have 24/49 hp.
Flames leap up around you!
The orc knight hits you with a +0 war axe.
The orc knight hits your foxfire with a +0 war axe!!
The orc knight hits your foxfire with a +0 war axe!
The orc knight hits your foxfire with a +0 war axe.
The orc knight hits your foxfire with a +0 war axe! x2
The foxfire hits the goblin.
You kill the goblin!
You take 1 damage, and have 24/49 hp.
Your foxfire dissipates!
The foxfire hits the orc knight.
The orc knight is lightly wounded.
The foxfire hits the orc knight.
The orc knight is lightly wounded.
The foxfire hits the orc knight but does no damage.
The orc knight is lightly wounded.
The foxfire hits the orc knight but does no damage.
The orc knight is lightly wounded.
The foxfire hits the orc knight but does no damage.
The orc knight is lightly wounded.
The foxfire hits the orc knight.
The orc knight is lightly wounded.
The foxfire hits the orc knight but does no damage.
The orc knight is lightly wounded.
The foxfire hits the orc knight.
The orc knight is lightly wounded.
The foxfire hits the orc knight but does no damage.
The orc knight is lightly wounded.
The foxfire hits the orc knight but does no damage.
The orc knight is lightly wounded.
The foxfire hits the orc knight but does no damage.
The orc knight is lightly wounded.
The foxfire hits the orc knight.
The orc knight is lightly wounded.
The foxfire hits the orc knight but does no damage.
The orc knight is lightly wounded.
Casting: Scorch (safe; 1% risk of failure)
Confirm with . or Enter, or press ? or * to list all spells.
Flames lash the orc knight.
The orc knight is moderately wounded.
The orc knight's fire resistance burns away.
The foxfire hits the orc knight but does no damage.
The orc knight is moderately wounded.
The orc knight hits you with a +0 war axe!
You take 10 damage, and have 15/49 hp.
MASSIVE DAMAGE!!
You now have 22/24 mp.
The orc no longer looks unusually strong.
Flames leap up around you!
The orc knight hits you but does no damage.
The orc knight hits your foxfire with a +0 war axe.
The orc knight hits your foxfire with a +0 war axe!!
The orc knight hits your foxfire with a +0 war axe! x2
The orc knight hits your foxfire with a +0 war axe!!
The orc knight hits your foxfire with a +0 war axe!
The orc knight barely misses your foxfire.
The foxfire hits the orc but does no damage.
You regained 2 hp, and now have 18/49 hp.
Your foxfire dissipates!
The orc knight is no longer more vulnerable to fire.
The foxfire hits the orc knight but does no damage.
The orc knight is moderately wounded.
The foxfire hits the orc knight but does no damage.
The orc knight is moderately wounded.
The foxfire hits the orc but does no damage.
The foxfire hits the orc knight.
The orc knight is moderately wounded.
The foxfire hits the orc knight but does no damage.
The orc knight is moderately wounded.
The foxfire hits the orc knight but does no damage.
The orc knight is moderately wounded.
The foxfire hits the orc knight.
The orc knight is moderately wounded.
The foxfire hits the orc knight but does no damage.
The orc knight is moderately wounded.
The foxfire hits the orc knight.
The orc knight is moderately wounded.
The foxfire hits the orc knight but does no damage.
The orc knight is moderately wounded.
The foxfire hits the orc knight but does no damage.
The orc knight is moderately wounded.
The orc knight hits you with a +0 war axe!!
You die...

♣.(.≈≈≈.# .8...8. #.≈≈≈...♣
###'#≈.........≈#'###..♣♣
##...#≈:!8o..8?[≈#...##.♣
##....##≈≈#####≈≈##....##♣
##.....)####...####......##
#.........................#
#..8..8.o...§.......8..8..#
#.........o.§.............#
##......§..@§............##
##...8.§§##§')##...8...##
##....§##.).÷)##.....##
##...##.÷....)##...##
≈#####...).....#####≈≈
≈≈≈≈≈≈....∩....≈≈≈≈≈≈≈
≈≈≈≈≈≈.........≈≈≈≈≈≈♣
♣♣♣♣♣♣♣♣♣.∩.♣♣♣♣♣♣♣♣♣♣
♣♣♣♣♣


You could see an orc warlord, an orc knight and an orc.

Vanquished Creatures
  Grinder (D:4)
  A hog (D:6)
  A steam dragon (D:6)
  A water moccasin (D:5)
  A black bear (D:6)
  3 orc warriors
  2 ogres (D:6)
  A centaur (D:4)
  3 phantoms
  A scorpion (D:4)
  A wyvern skeleton (D:6)
  A howler monkey (D:9)
  A centaur zombie (D:5)
  2 jellies
  3 orc priests
  A bullfrog skeleton (D:5)
  Terence (D:3)
  Natasha (thrice) (D:4)
  An iguana (D:6)
  4 orc wizards
  A scorpion zombie (D:5)
  Robin (D:4)
  4 gnolls (D:3)
  3 adders
  An ufetubus (D:6)
  3 worms
  2 dart slugs
  16 orcs
  8 endoplasms
  4 giant cockroaches
  20 goblins
  11 hobgoblins
  2 jackals (D:2)
  6 quokkas
  6 ball pythons
  4 bats
  2 frilled lizards (D:1)
  19 kobolds
  4 rats
150 creatures vanquished.

Vanquished Creatures (others)
  58 foxfires
58 creatures vanquished.

Grand Total: 208 creatures vanquished

Notes
Turn   | Place    | Note
-------+----------+-------------------------------------------
     0 | D:1      | SkeletonJelly the Deep Elf Cinder Acolyte began the quest
                  | for the Orb.
     0 | D:1      | Reached XP level 1. HP: 13/13 MP: 5/5
   757 | D:1      | Reached XP level 2. HP: 18/18 MP: 6/6
   761 | D:1      | Learned a level 2 spell: Scorch
  1588 | D:1      | Reached skill level 4 in Fire Magic
  2051 | D:1      | Reached XP level 3. HP: 14/22 MP: 3/8
  3233 | D:3      | Reached XP level 4. HP: 27/27 MP: 7/10
  3588 | D:3      | Reached skill level 5 in Fire Magic
  3859 | D:3      | Noticed Terence
  3864 | D:3      | Killed Terence
  3865 | D:3      | Reached XP level 5. HP: 27/31 MP: 5/12
  3950 | D:3      | Found a faded altar of an unknown god.
  4250 | D:3      | Found a sacrificial altar of Ru.
  4601 | D:4      | Noticed a centaur
  4605 | D:4      | Killed a centaur
  4606 | D:4      | Reached skill level 6 in Fire Magic
  4979 | D:4      | Reached XP level 6. HP: 29/36 MP: 9/14
  4980 | D:4      | Noticed Robin
  5012 | D:4      | Killed Robin
  5224 | D:4      | Noticed Grinder
  5231 | D:4      | Reached skill level 5 in Spellcasting
  5310 | D:4      | Killed Grinder
  5311 | D:4      | Reached skill level 7 in Fire Magic
  5311 | D:4      | Reached XP level 7. HP: 40/40 MP: 2/17
  5548 | D:4      | Found a shadowy altar of Dithmenos.
  5550 | D:4      | Noticed Natasha
  5553 | D:4      | Killed Natasha
  5916 | D:4      | Noticed Natasha
  5918 | D:4      | Killed Natasha
  6059 | D:4      | Found a blossoming altar of Fedhas.
  6098 | D:4      | Found an opulent altar of Gozag.
  6204 | D:4      | Noticed Natasha
  6208 | D:4      | Killed Natasha
  6209 | D:4      | Reached skill level 8 in Fire Magic
  6404 | D:5      | Entered Level 5 of the Dungeon
  7055 | D:5      | Reached XP level 8. HP: 45/45 MP: 13/20
  7097 | D:5      | Found a staircase to the Ecumenical Temple.
  7301 | Temple   | Entered the Ecumenical Temple
  7588 | D:6      | Reached skill level 9 in Fire Magic
  7771 | D:6      | Found a hazy altar of Hepliaklqana.
  7788 | D:6      | Noticed Pikel
  7892 | D:6      | Noticed Pikel
  7892 | D:6      | Pikel changed into Pikel the hog
  7899 | D:6      | Killed Pikel the hog
  7914 | D:6      | Reached skill level 10 in Fire Magic
  8342 | D:6      | Found a bloodstained altar of Trog.
  8575 | D:6      | You fall into a shaft and drop 3 floors!
  8608 | D:9      | Reached XP level 9. HP: 35/49 MP: 16/23
  8619 | D:9      | Reached skill level 11 in Fire Magic
  8630 | D:9      | Found a flagged portal.
  8678 | Bailey   | Entered a bailey
  8859 | Bailey   | Noticed an orc warlord
  8996 | Bailey   | Noticed an orc knight
  9015 | Bailey   | Slain by an orc knight

Illustrated notes

Levels and vault maps discovered:
D:1:      onia_arrival_mini_spirals, layout_loops_ring
D:2:      layout_rooms
D:3:      layout_basic, nicolae_ru_path_of_blood, basic_ecumenical_altar,
          grunt_ministairs_6, minmay_fractal_squares_gapless_5, uniq_terence
D:4:      layout_basic, mainiacjoe_overflow_big_doors, fedhas_altar_fruit_tree,
          minmay_stone_trees_small, minivault_23, uniq_natasha, uniq_robin,
          uniq_grinder
D:5:      layout_loops_ring, minmay_temple_entry_drinking_statues
D:6:      layout_cave_pools, kennysheep_ying_yang, marbit_many_paths,
          mainiacjoe_overflow_brackets, uniq_pikel
D:9:      layout_stronghold, nicolae_wu_jian_wuxing_cycle,
          nicolae_sif_muna_condensation, nicolae_overflow_crystal_walls,
          enter_bailey_2, uniq_psyche
Temple:   jpeg_temple_alley_garden
Bailey:   bailey_axe_bossmonster_kennysheep, bailey

Skill      XL: |  1  2  3  4  5  6  7  8  9 |
---------------+----------------------------+-----
Long Blades    | 3 |  3.0
Spellcasting   | 2 3 4 5 7 8 9 |  9.2
Fire Magic     | 4 5 6 7 8 10 11 | 11.1
Fighting       | |  2.4

Action                   |  1- 3 |  4- 6 |  7- 9 || total
-------------------------+-------+-------+-------++-------
Melee: Falchion          |    76 |    18 |     8 ||   102
Throw: Boomerang         |       |       |    35 ||    35
 Cast: Scorch            |    36 |    55 |   121 ||   212
Invok: Foxfire Swarm     |     1 |     1 |     2 ||     4
Evoke: Wand              |       |       |     2 ||     2
  Use: Potion            |       |     2 |       ||     2
       Scroll            |       |       |     4 ||     4
Armor: Robe              |    11 |       |       ||    11
       Ring mail         |    33 |    12 |    48 ||    93
Dodge: Dodged            |    49 |    23 |    63 ||   135

Table legend: (Time is in decaauts)
 A = Elapsed time spent in this place.
 B = Non-inter-level travel time spent in this place.
 C = Inter-level travel time spent in this place.
 D = Time resting spent in this place.
 E = Time spent auto-exploring this place.
 F = Levels seen in this place.
 G = Mean time per level.
                   A        B        C        D        E       F      G
               +--------+--------+--------+--------+--------+-----+--------+
         Total |   9026 |   8525 |    501 |     69 |   7332 |   9 | 1002.9 |
       Dungeon |   8423 |   7974 |    449 |     38 |   6961 |   7 | 1203.3 |
        Temple |    255 |    203 |     52 |      0 |    198 |   1 |  255.0 |
        Bailey |    347 |    347 |      0 |     31 |    173 |   1 |  347.0 |
               +--------+--------+--------+--------+--------+-----+--------+

Top non-repeatable levels by time:
     D:1: 2337 daAuts
     D:4: 1795 daAuts
     D:3: 1439 daAuts
     D:5: 1223 daAuts
     D:2: 828 daAuts
     D:6: 695 daAuts
  Bailey: 347 daAuts
  Temple: 255 daAuts
     D:9: 102 daAuts
